[Event "*** Titled Tuesday Blitz"]
[Site "Chess.com"]
[Date "2019.03.05"]
[Round "3"]
[White "gmjlh"]
[Black "GelmanAlexander"]
[Result "0-1"]
[WhiteElo "2714"]
[BlackElo "2603"]
[TimeControl "180+2"]
[EndTime "13:41:25 PST"]
[Termination "GelmanAlexander won by resignation"]

1. Nf3 Nf6 2. c4 c5 3. Nc3 e6 4.
g3 Be7 5. Bg2 O-O 6. O-O a6 7.
d4 cxd4 8. Nxd4 d6 9. b3 Qc7 10. Bb2 Nbd7 11. Rc1 Ne5 12. h3 Bd7 13. f4 Ng6 14. Kh2 Rac8 15. e3 Qb8 16. Qf3 b5 17. cxb5 axb5 18. Qb7 d5 19. Qxb8 Rxb8 20. e4 b4 21. Na4 Nxe4 22. Bxe4 dxe4 23. Rfe1 Bxa4 24. bxa4 Ra8 25. Rxe4 Rxa4 26. h4 Rxa2 27. Rc2 b3 28.
Nxb3 Rb8 29. Re3 Ba3 30. Bxa3 Rxc2+ 31. Kh3 h5 32. Nd4 Ra2 33. f5 Rb1 34. g4 Rh1+ 35.
Kg3 Rg1+ 36. Kf3 Nxh4+ 37. Ke4 Rxg4+ 38. Ke5 Rxd4 39. fxe6 0-1

[Event "*** Titled Tuesday Blitz"]
[Site "Chess.com"]
[Date "2019.03.05"]
[Round "3"]
[White "JonahWillow"]
[Black "Muguet7"]
[Result "1-0"]
[WhiteElo "2660"]
[BlackElo "2430"]
[TimeControl "180+2"]
[EndTime "13:41:26 PST"]
[Termination "JonahWillow won by resignation"]

1. e4 c5 2. Nf3 d6 3. d4 cxd4 4. Qxd4 Nc6 5. Bb5 Bd7 6. Bxc6 Bxc6 7. Nc3 Nf6 8. Bg5 e6 9. O-O-O Be7 10. Qd3 h6 11.
Bh4 Qa5 12. Nd4 Rc8 13. Kb1 Qh5 14. Bxf6 gxf6 15. Rhe1 a6 16. f4 Qxh2 17. Qf3 Rg8 18. Re2 Rg3 19. Qf2 Bd7 20. Nf3 Rxf3 21. Qxf3 b5 22.
Ree1 e5 23. f5 Bc6 24. Ne2 Qh4 25. g4 b4 26. Rh1 Qg5 27. Rh5 Qg7 28. Ng3 Ba4 29. Rh2 Kd7 30. b3 Bb5 31. c4 bxc3 32. Rc2 Bd8 33. Rdc1 Ba5 34. Ne2 Bxe2 35. Qxe2 Qg5 36.
Qxa6 Rc5 37. b4 Bxb4 38. Qb7+ Rc7 39. Qxb4 Qxg4 40. Rxc3 Rxc3 41. Rxc3 Qd1+ 42. Kb2 Qd2+ 43. Ka3 1-0

[Event "*** Titled Tuesday Blitz"]
[Site "Chess.com"]
[Date "2019.03.05"]
[Round "3"]
[White "kosya4ok"]
[Black "IakovUlivar"]
[Result "1-0"]
[WhiteElo "2664"]
[BlackElo "2511"]
[TimeControl "180+2"]
[EndTime "13:41:26 PST"]
[Termination "kosya4ok won by resignation"]

1. e4 e5 2. Nf3 Nf6 3. Nc3 Nc6 4. Bb5 Bd6 5. d3 O-O 6. a3 Re8 7. h3 Bf8 8. Bg5 d6 9. Nd5 h6 10. Nxf6+ gxf6 11. Bh4 Be7 12. g4 Be6 13. Nd2 d5 14. Bxc6 bxc6 15. Qc1 Kh7 16. f3 f5 17. Bxe7 Qxe7 18.
exf5 Qh4+ 19. Kf1 Bxf5 20. gxf5 Rg8 21. Qe1 Rg3 22. Qxe5 Rag8 23. Re1 Rg2 24. Re2 Qg5 25. Ke1 Qh4+ 26. Kd1 Rg1+ 27. Rxg1 Rxg1+ 28. Re1 Rxe1+ 29. Qxe1 Qxh3 30. f6 h5 31. Qg1 1-0

[Event "*** Titled Tuesday Blitz"]
[Site "Chess.com"]
[Date "2019.03.05"]
[Round "3"]
[White "DrMelekess"]
[Black "Micki-taryan"]
[Result "0-1"]
[WhiteElo "2706"]
[BlackElo "2957"]
[TimeControl "180+2"]
[EndTime "13:41:27 PST"]
[Termination "Micki-taryan won by resignation"]

1. d4 Nf6 2. Nf3 e6 3. c4 b6 4. g3 Ba6 5. Qc2 Bb4+ 6. Bd2 Be7 7. Bg2 c6 8. O-O d5 9. Ne5 O-O 10. cxd5 cxd5 11. Nc3 Nfd7 12. Nxd7 Nxd7 13. Qa4 Bb7 14. Rac1 a6 15. Qb3 b5 16. Bf4 Nb6 17. Nxb5 Nc4 18. Nc7 Ra7 19. Qa4 g5 20. Be5 Bc8 21. b3 Nxe5 22. Nxe6 Bxe6 23. dxe5 Qb8 24. f4 gxf4 25. gxf4 Bf5 26. Bxd5 Qb6+ 27. Kh1 Kh8 28. Rg1 Qe3 29. Bf3 Bc5 30. Qc4 Rc7 31. Qc3 Qxc3 32. Rxc3 Bxg1 33. Rxc7 Be3 34. Ra7 Rg8 35. h4 Bxa7 0-1

[Event "*** Titled Tuesday Blitz"]
[Site "Chess.com"]
[Date "2019.03.05"]
[Round "3"]
[White "SolidAsARook"]
[Black "NeverEverForever1990"]
[Result "0-1"]
[WhiteElo "2189"]
[BlackElo "2345"]
[TimeControl "180+2"]
[EndTime "13:41:27 PST"]
[Termination "NeverEverForever1990 won by resignation"]

1. c4 e6 2. g3 d5 3. Bg2 Nf6 4. Nf3 a6 5. O-O dxc4 6. Qc2 b5 7. a4 Bb7 8. Rd1 Nc6 9. d4 Nb4 10. Qd2 Ne4 11. Qf4 Nc2 12. Ne5 Qf6 13. Ra2 Nb4 14. Ra1 Qxf4 15. gxf4 f6 16. Ng4 Nc2 17. Ra2 h5 18. Ne3 Nxe3 19. Bxe3 O-O-O 20. axb5 axb5 21. Na3 Bxa3 22. Rxa3 Nd6 23. Bh3 f5 24. b3 b4 25.
Ra4 cxb3 26. Rxb4 Bd5 27. Ra1 Kd7 28. Bg2 Rb8 29. Bd2 Rxb4 30. Bxb4 Rb8 31. Bc3 Ne4 32. Bb2 Nd2 33. Ra7 Nc4 34. Bxd5 exd5 35. Bc3 b2 36. Bxb2 Rxb2 0-1

[Event "*** Titled Tuesday Blitz"]
[Site "Chess.com"]
[Date "2019.03.05"]
[Round "3"]
[White "KyronGriffith"]
[Black "DonPreuss"]
[Result "1-0"]
[WhiteElo "2389"]
[BlackElo "2203"]
[TimeControl "180+2"]
[EndTime "13:41:28 PST"]
[Termination "KyronGriffith won by resignation"]

1. e4 e5 2. Nf3 d5 3. d4 dxe4 4. Nxe5 Bd6 5. Nc4 Ne7 6. Nxd6+ cxd6 7. c4 O-O 8. Nc3 f5 9. g3 Nbc6 10. Be3 Ng6 11. Be2 f4 12. gxf4 Nxf4 13. Rg1 Bh3 14. Bxf4 Rxf4 15. Qd2 Qh4 16. Rg3 Raf8 17. Qe3 Rxf2 18.
Rxh3 Rxe2+ 19. Kxe2 Nxd4+ 20. Qxd4 Qxh3 21. Rg1 Qxh2+ 22. Kd1 g6 23. Nxe4 Rf4 24. Qd5+ Kg7 25. Re1 Qg2 26.
Qd4+ Kh6 27. Qe3 Qg4+ 28. Kc1 g5 29. Nd2 Rf6 30. Rh1+ Kg6 31. Qd3+ Qf5 32. Qe2 h6 33. Qe8+ Kg7 34. Qe7+ Rf7 35. Qxd6 Rd7 36. Qxh6+ Kf7 37. Qh7+ Ke6 38. Re1+ 1-0

[Event "*** Titled Tuesday Blitz"]
[Site "Chess.com"]
[Date "2019.03.05"]
[Round "3"]
[White "Manukyan_Artak"]
[Black "Babas"]
[Result "1-0"]
[WhiteElo "2403"]
[BlackElo "2253"]
[TimeControl "180+2"]
[EndTime "13:41:32 PST"]
[Termination "Manukyan_Artak won by resignation"]

1. e4 e5 2. Nf3 Nc6 3. d4 exd4 4. Nxd4 Nf6 5. Nxc6 bxc6 6. e5 Qe7 7. Qe2 Nd5 8.
c4 Ba6 9. b3 g6 10. g3 Bg7 11. Bb2 O-O 12. Bg2 Rae8 13. O-O f6 14. Qd2 Nb6 15. exf6 Bxf6 16. Bxf6 Qxf6 17. Nc3 d5 18.
Rfe1 dxc4 19. Ne4 Qg7 20. Nc5 c3 21. Qc2 Bc8 22. Bxc6 Rxe1+ 23. Rxe1 Bf5 24. Ne4 Bxe4 25. Rxe4 Rd8 26. Re3 Rd2 27. Qxc3 Qxc3 28. Rxc3 Rxa2 29. Be4 Re2 30. Bf3 Re7 31. h4 Nc8 32. h5 Nd6 33. hxg6 hxg6 34. Rc6 Re1+ 35. Kg2 Nb5 36. Rxg6+ Kf7 37.
Rc6 Ke7 38. Rc5 a6 39. Rc6 Ra1 40. Be2 Kd7 41. Bxb5 axb5 42. Rf6 Rb1 43. Rf3 c5 44. g4 Kd6 45. g5 c4 46. bxc4 bxc4 47. g6 Kd5 48. g7 Rb8 49. Rf8 1-0

[Event "*** Titled Tuesday Blitz"]
[Site "Chess.com"]
[Date "2019.03.05"]
[Round "3"]
[White "TBergh98"]
[Black "andy_rekt"]
[Result "1-0"]
[WhiteElo "2360"]
[BlackElo "2190"]
[TimeControl "180+2"]
[EndTime "13:41:34 PST"]
[Termination "TBergh98 won on time"]

1. d4 Nf6 2. Bg5 Ne4 3. Bf4 d6 4. e3 g6 5. Bd3 Nf6 6. Nf3 Bg7 7. Nbd2 O-O 8. c3 Nbd7 9. h3 c5 10. O-O b6 11. Bh2 Bb7 12. Re1 Qe8 13. e4 e5 14. Nc4 Qe7 15. dxe5 dxe5 16. Ncxe5 Nxe5 17. Nxe5 Rfd8 18. Qc2 a6 19. a4 Rac8 20. b3 Ne8 21. Nc4 b5 22. axb5 axb5 23. Nb6 Rc6 24. Nd5 Qg5 25. Bxb5 Re6 26. Bc4 Nd6 27. Bxd6 Rexd6 28. Ra7 R6d7 29. Ra5 Be5 30. Qc1 Qh5 31. f4 Bg7 32.
Qe3 Qh4 33. Qf2 Qxf2+ 34. Kxf2 Bxd5 35. exd5 Bxc3 36. Rea1 Bxa1 37. Rxa1 Re7 38. Ra5 Re4 39.
g3 Rd4 40. Rxc5 Re8 41. Rc7 Rd2+ 42. Kf3 Rc2 43. d6 Rc3+ 44. Kg4 Ree3 45. Kg5 h6+ 46.
Kf6 Re6+ 47. Bxe6 Rxc7 48. dxc7 1-0

[Event "*** Titled Tuesday Blitz"]
[Site "Chess.com"]
[Date "2019.03.05"]
[Round "3"]
[White "ShimanovAlex"]
[Black "Ainahia"]
[Result "0-1"]
[WhiteElo "2817"]
[BlackElo "2593"]
[TimeControl "180+2"]
[EndTime "13:41:37 PST"]
[Termination "Ainahia won on time"]

1. e4 e6 2. d4 d5 3. exd5 exd5 4. Bf4 Nf6 5. Nc3 Be7 6. Qd2 c6 7. O-O-O O-O 8. f3 b5 9. g4 a5 10. Kb1 a4 11. Bd3 b4 12. Nce2 Ba6 13. Nc1 Bc4 14. h4 Na6 15. Nge2 c5 16. dxc5 Nxc5 17. Bxc4 dxc4 18.
Qxb4 Qc8 19. Qxc4 a3 20. b3 Qb7 21. Nd4 Ra4 22. Qe2 Nd5 23. Qd2 Nxf4 24. Qxf4 Ne6 25. Nxe6 Rxf4 26. Nxf4 Qxf3 27. Nd5 Bd8 28. g5 f6 29.
Rhf1 Qg4 30. gxf6 Bxf6 31. Nxf6+ Rxf6 32. Rg1 Qc8 33. Nd3 Qc3 34. Rde1 Rf2 35. Rc1 Rd2 0-1

[Event "*** Titled Tuesday Blitz"]
[Site "Chess.com"]
[Date "2019.03.05"]
[Round "3"]
[White "Zq1"]
[Black "GMKrikor"]
[Result "1-0"]
[WhiteElo "2547"]
[BlackElo "2720"]
[TimeControl "180+2"]
[EndTime "13:41:37 PST"]
[Termination "Zq1 won by resignation"]

1. d4 Nf6 2. c4 e6 3. g3 d5 4. Bg2 Bb4+ 5. Nd2 O-O 6. Nf3 b6 7.
O-O Bb7 8. Qc2 a5 9. a3 Be7 10. b3 c5 11. Bb2 Nbd7 12. Rfd1 Rc8 13. Rac1 b5 14. cxd5 Bxd5 15. Qb1 Qb6 16. e4 Bb7 17. e5 Nd5 18. Ne4 h6 19. dxc5 Nxc5 20. Bd4 b4 21. a4 Rc7 22. Rc2 Rfc8 23. Rdc1 Rc6 24. Nd6 R8c7 25.
Nd2 Nc3 26. Bxc3 bxc3 27. Rxc3 Bxd6 28. exd6 Rc8 29. Nc4 Qa6 30. Ne5 Rxd6 31. Bxb7 Qxb7 32. Rxc5 Rcd8 33. R5c3 h5 34. Rc7 Qb4 35. Nxf7 Rd2 36. Nxd8 Qd4 37. Rf1 1-0

[Event "*** Titled Tuesday Blitz"]
[Site "Chess.com"]
[Date "2019.03.05"]
[Round "3"]
[White "Slovak_fighter2000"]
[Black "Jospem"]
[Result "0-1"]
[WhiteElo "2461"]
[BlackElo "2870"]
[TimeControl "180+2"]
[EndTime "13:41:37 PST"]
[Termination "Jospem won by resignation"]

1. d4 Nf6 2. Bf4 g6 3. Nc3 Bg7 4. e4 d6 5. Qd2 O-O 6. Nf3 Nc6 7. O-O-O Bg4 8. Qe3 Nh5 9. Bh6 Bxf3 10. gxf3 Bxh6 11. Qxh6 e6 12. h4 Qf6 13. d5 Ne5 14. Be2 a6 15. Rdg1 Qf4+ 16. Qxf4 Nxf4 17. Kd2 b5 18. a3 Rae8 19. h5 Kh8 20. hxg6 fxg6 21.
dxe6 Rxe6 22. Rg3 Ref6 23. Bd1 c6 24. Kc1 h5 25. Ne2 Ne6 26. Ng1 Kh7 27. Rh2 Kh6 28.
b3 a5 29. Kb2 b4 30. a4 c5 31. Be2 Nd4 32. Bd1 Ndxf3 33. Nxf3 Nxf3 34. Rhg2 Ne5 35. f3 c4 36. Be2 c3+ 37. Kc1 Rd8 38. Kd1 d5 39. exd5 Rxd5+ 40. Ke1 g5 41. Bd1 Ng6 42. Re2 Nf4 43. Re8 Re6+ 44. Rxe6+ Nxe6 45. Be2 Nf4 46. Bd1 h4 47. Rg1 Rd2 48. Rh1 h3 49. Rg1 h2 50.
Rh1 Ng2+ 51. Kf1 Ne3+ 52. Ke1 Rxd1+ 0-1

[Event "*** Titled Tuesday Blitz"]
[Site "Chess.com"]
[Date "2019.03.05"]
[Round "3"]
[White "Denis_Palkovich"]
[Black "lolo9292"]
[Result "0-1"]
[WhiteElo "2236"]
[BlackElo "2075"]
[TimeControl "180+2"]
[EndTime "13:41:42 PST"]
[Termination "lolo9292 won on time"]

1. d4 Nf6 2. Bf4 c5 3. e3 Qb6 4. Na3 Qxb2 5. Nb5 Nd5 6. a3 a6 7. Rb1 Qa2 8. Qc1 axb5 9. Ra1 Qxa1 10. Qxa1 e5 11. dxe5 c4 12. Nf3 Nc6 13. Be2 Rxa3 14. Qc1 Bb4+ 15. Kf1 O-O 16. g3 d6 17. Kg2 dxe5 18.
Nxe5 Nxe5 19. Bxe5 Bf5 20. Bf3 Be6 21. e4 Nc3 22. Bxc3 Rxc3 23. Qb2 Ba5 24. Qxb5 b6 25. Rc1 Rd8 26. h4 h6 27. g4 Rd2 28. g5 hxg5 29.
hxg5 Bd7 30. Qe5 Bh3+ 31. Kg3 Bb4 32. Rb1 Bd6 33. Qxd6 Rxd6 34. e5 Rd2 35. Rxb6 Be6 36. Kg2 g6 37. Be4 Kg7 38. Kf1 Rd8 39. Ke1 Re8 40. Kd2 Rf8 41. Kxc3 Rh8 42. Kd4 Rh4 43. Ke3 Rh3+ 44. f3 Rg3 45. Kf4 Rg2 46. Rc6 Rd2 0-1

[Event "*** Titled Tuesday Blitz"]
[Site "Chess.com"]
[Date "2019.03.05"]
[Round "3"]
[White "chenrip"]
[Black "ahkashefi2800"]
[Result "0-1"]
[WhiteElo "2322"]
[BlackElo "2248"]
[TimeControl "180+2"]
[EndTime "13:41:46 PST"]
[Termination "ahkashefi2800 won by checkmate"]

1. e4 c6 2. d4 d5 3. e5 Bf5 4. Bd3 Bg6 5. Ne2 e6 6. O-O Nd7 7. a3 Ne7 8. b4 a5 9. b5 c5 10. c3 c4 11. Bc2 Bxc2 12. Qxc2 a4 13. Nd2 Ra5 14. Rb1 Nb6 15. f4 g6 16. Nf3 h5 17. g3 Qd7 18. Qb2 Nf5 19. Kf2 Be7 20. h3 Kd8 21. g4 hxg4 22. hxg4 Nh4 23. Bd2 Nxf3 24. Kxf3 Rh3+ 25. Kg2 Rd3 26. Rfd1 Kc7 27. Nc1 Ra8 28. Nxd3 cxd3 29. Bc1 Rh8 30. Rxd3 Rh4 31. Rg3 Qe8 32. Be3 Qh8 33. Bg1 g5 34. f5 Qf8 35.
fxe6 fxe6 36. Rf1 Qe8 37. Qe2 Bxa3 38. Rh3 Rxh3 39. Kxh3 Nc4 40. Be3 Qg6 41. Rf6 Qe4 42.
Rf3 Bc1 43. Qf2 Bxe3 44. Rf7+ Kb6 45. Qf6 Qh1+ 46. Kg3 Qg1+ 47. Kh3 Qh1+ 48. Kg3 Bf4+ 49. Kf2 Qh2+ 50. Ke1 Qd2+ 51. Kf1 Ne3+ 52. Kg1 Bh2+ 53. Kh1 Qg2# 0-1

[Event "*** Titled Tuesday Blitz"]
[Site "Chess.com"]
[Date "2019.03.05"]
[Round "3"]
[White "Salem-AR"]
[Black "SerGo055"]
[Result "1-0"]
[WhiteElo "2928"]
[BlackElo "2470"]
[TimeControl "180+2"]
[EndTime "13:41:46 PST"]
[Termination "Salem-AR won by checkmate"]

1. d4 Nf6 2. c4 e6 3. Nf3 d5 4. Nc3 c6 5. Bg5 dxc4 6. e4 b5 7. e5 h6 8. Bh4 g5 9. Bg3 Nd5 10.
Be2 Bb4 11. Rc1 Qa5 12. Qd2 Nd7 13. O-O Bb7 14. Qc2 c5 15. Ne4 cxd4 16. Nxd4 Nf4 17. Bxf4 gxf4 18. Bf3 Qb6 19. Nf6+ Nxf6 20. Bxb7 Qxb7 21.
exf6 Bc5 22. Nf3 Rg8 23. Kh1 O-O-O 24. Rfd1 Rd5 25. b3 Rf5 26. Qe2 Rxf6 27. bxc4 b4 28.
a3 b3 29. Rb1 a5 30. a4 Rfg6 31. Rg1 Qb6 32. Qd3 Bxf2 33. c5 Qc7 34. Rgd1 Rxg2 35.
Rxb3 Bxc5 36. Qa6+ Qb7 37. Qxb7# 1-0

[Event "*** Titled Tuesday Blitz"]
[Site "Chess.com"]
[Date "2019.03.05"]
[Round "3"]
[White "SuperCheese"]
[Black "Angry_Serb"]
[Result "0-1"]
[WhiteElo "2615"]
[BlackElo "2565"]
[TimeControl "180+2"]
[EndTime "13:41:46 PST"]
[Termination "Angry_Serb won by resignation"]

1. d4 Nf6 2. c4 c5 3. d5 e6 4. Nc3 exd5 5. cxd5 Bd6 6. Nf3 Bc7 7.
d6 Ba5 8. e3 Ne4 9. Qd3 f5 10.
Bd2 Nxd2 11. Nxd2 Bxc3 12. Qxc3 O-O 13. Qxc5 Qf6 14. Bc4+ Kh8 15. O-O Qxb2 16. Nf3 Nc6 17. Qd5 Qf6 18. Bb5 a6 19. Bxc6 dxc6 20. Qc5 Be6 21.
Rad1 Bxa2 22. Qb6 Rf7 23. d7 Bd5 24. Qxb7 Rd8 25. Nd4 Rfxd7 26. Qxa6 Qg5 27. g3 Qh5 28. Qb6 Qg6 29. Nf3 Qf6 30. Nh4 g5 31. Ng2 Qe6 32. Rd4 Kg7 33. Qb2 Kg6 34. Rfd1 h6 35. Qd2 Qf7 36.
h4 Be6 37. hxg5 hxg5 38. e4 Rxd4 39. exf5+ Bxf5 40. Qxd4 Rxd4 41. Rxd4 Qe6 42. Ne3 Bh3 43. Nc4 Qe1+ 44. Kh2 Qxf2+ 45. Kxh3 Qxd4 0-1

[Event "*** Titled Tuesday Blitz"]
[Site "Chess.com"]
[Date "2019.03.05"]
[Round "3"]
[White "cherryandmint"]
[Black "MFBerna"]
[Result "1-0"]
[WhiteElo "2621"]
[BlackElo "2414"]
[TimeControl "180+2"]
[EndTime "13:41:46 PST"]
[Termination "cherryandmint won by resignation"]

1. e4 c6 2. d4 d5 3. e5 c5 4. dxc5 e6 5. Nf3 Bxc5 6. Bd3 Nc6 7. a3 a5 8. Nc3 Nge7 9. O-O Ng6 10. Bxg6 hxg6 11. Bf4 a4 12. Qd2 Qb6 13. Rab1 Bd7 14. b4 axb3 15. Rxb3 Qa6 16. Nb5 Rc8 17. Be3 Be7 18. Bg5 Nxe5 19. Nxe5 Bxb5 20. Rfb1 Bxg5 21. Qxg5 Bc6 22. Qf4 f6 23. Nxg6 Rh6 24. Qd6 Rxg6 25. Qxe6+ Kd8 26. Re3 Bd7 27. Qf7 Qd6 28. Qxg6 b5 29.
Qxg7 Rxc2 30. h4 d4 31. Rf3 f5 32. Rd1 Rc4 33. Rfd3 Qf4 34. Rxd4 Rxd4 35. Qxd4 1-0

[Event "*** Titled Tuesday Blitz"]
[Site "Chess.com"]
[Date "2019.03.05"]
[Round "3"]
[White "ENEASZ"]
[Black "Sajkochess"]
[Result "1-0"]
[WhiteElo "2359"]
[BlackElo "2227"]
[TimeControl "180+2"]
[EndTime "13:41:46 PST"]
[Termination "ENEASZ won by resignation"]

1. e4 c6 2. Nc3 d5 3. d4 dxe4 4. Nxe4 Bf5 5. Ng3 Bg6 6. Nf3 Nd7 7. Nh4 e5 8. Nxg6 hxg6 9. Be2 Ngf6 10. h3 exd4 11.
Qxd4 Bc5 12. Qc4 O-O 13. O-O Qb6 14. Bf4 Rfe8 15. Bd3 Ne5 16. Bxe5 Rxe5 17. Bxg6 Nd5 18. Bd3 Rae8 19. Qh4 g6 20. a3 Kg7 21. b4 Bd4 22.
Rad1 Rh8 23. Qg4 Nf6 24. Qf4 Nd5 25. Qf3 Rhe8 26. c4 Nc3 27. Rd2 R8e6 28. c5 Qd8 29.
Bxg6 Rxg6 30. Qxc3 Bxc3 31. Rxd8 Bb2 32. Rd3 Rd5 33.
Rfd1 Rdg5 34. Kh2 Be5 35. Re1 Bf4 36. Re4 Be5 37. f4 Rxg3 38. Rxg3 Bc3 1-0

[Event "*** Titled Tuesday Blitz"]
[Site "Chess.com"]
[Date "2019.03.05"]
[Round "3"]
[White "wenx95"]
[Black "LawrenceTrent"]
[Result "1-0"]
[WhiteElo "2489"]
[BlackElo "2528"]
[TimeControl "180+2"]
[EndTime "13:41:47 PST"]
[Termination "wenx95 won by resignation"]

1. d4 Nf6 2. Nc3 d5 3. Bf4 a6 4. e3 Bf5 5. Bd3 Bxd3 6. cxd3 e6 7. Nf3 Bd6 8. Bg3 O-O 9. O-O Qe7 10. Rc1 Nbd7 11. e4 Bxg3 12. hxg3 c6 13. Qe2 Rfe8 14. a3 h6 15. Qe3 Qd8 16. Qf4 Qb8 17. e5 Nh7 18. g4 f6 19. Rfe1 Ng5 20. Nxg5 fxg5 21. Qe3 Rf8 22. g3 Qe8 23. Kg2 Qg6 24. b4 Rf7 25. f3 Raf8 26. Rf1 Re8 27. Rf2 Nf8 28.
a4 h5 29. gxh5 Qxh5 30. Rh1 Qg6 31. g4 Nh7 32. Ne2 Ref8 33. Rh3 Rf4 34. Rf1 Kf7 35. Nxf4 gxf4 36. Qxf4+ Ke8 37. Qe3 Ng5 38. Rh5 Nxf3 39. Kh3 Qf7 40. Kg3 g6 41. Rhh1 Qe7 42. Rxf3 Qxb4 43. Rxf8+ Qxf8 44. Qf4 1-0

[Event "*** Titled Tuesday Blitz"]
[Site "Chess.com"]
[Date "2019.03.05"]
[Round "3"]
[White "fyall777"]
[Black "STAYFlow"]
[Result "1-0"]
[WhiteElo "2321"]
[BlackElo "2238"]
[TimeControl "180+2"]
[EndTime "13:41:47 PST"]
[Termination "fyall777 won on time"]

1. e4 e5 2. Nf3 Nc6 3. Nc3 Nf6 4. g3 d5 5. exd5 Nxd5 6. Bg2 Nxc3 7. bxc3 Bc5 8. O-O O-O 9. d3 Bb6 10. Re1 Qf6 11. Bg5 Qd6 12. Be3 Ba5 13. Nd2 Be6 14.
Ne4 Qd8 15. Rb1 Rb8 16. Nc5 Bxc3 17. Nxb7 Qe8 18. Bc5 Bxa2 19. Bxf8 Bxb1 20. Qxb1 Bxe1 21. Qxe1 Kxf8 22. Nc5 Nd4 23. c3 Nf5 24. Bd5 Nd6 25.
Qe3 Rb1+ 26. Kg2 Kg8 27. Qf3 g6 28. c4 Kg7 29. g4 f5 30. Ne6+ Kh8 31. Qh3 Qe7 32.
Qh6 fxg4 33. Nf8 Qg7 34. Nxg6+ Qxg6 35. Qf8+ 1-0

[Event "*** Titled Tuesday Blitz"]
[Site "Chess.com"]
[Date "2019.03.05"]
[Round "3"]
[White "SamCopeland"]
[Black "aa175"]
[Result "1-0"]
[WhiteElo "2029"]
[BlackElo "1855"]
[TimeControl "180+2"]
[EndTime "13:41:47 PST"]
[Termination "SamCopeland won by checkmate"]

1. e4 e5 2. Nf3 f5 3. Nxe5 Nc6 4. Qh5+ g6 5. Nxg6 Nf6 6. Qh4 Rg8 7. Nxf8 Rg4 8. Qh6 Rxe4+ 9. Be2 Nd4 10. Nc3 Rxe2+ 11.
Nxe2 Qe7 12. O-O Nxe2+ 13. Kh1 Ng4 14. Qh5+ Kxf8 15. h3 Nxf2+ 16. Rxf2 Ng3+ 17. Kh2 Nxh5 18. Rxf5+ Nf6 19. d4 d5 20. Rf3 Qg7 21. Bf4 Kf7 22. Be5 Bd7 23. Raf1 Rg8 24. Rxf6+ Ke7 25. R1f2 Qg3+ 26.
Bxg3 Be6 27. Bh4 Kd7 28. Rh6 Rg7 29. Bf6 Rf7 30. Kg1 Kd6 31. Be5+ Ke7 32. Rxf7+ Kxf7 33. Rxh7+ Kg6 34. Rxc7 b5 35. Rxa7 Bf5 36. Rc7 Bxc2 37. Rxc2 Kf5 38. Rc5 Ke4 39. Rxb5 Kd3 40. Rc5 Ke2 41.
b4 Kd2 42. b5 Kd1 43. b6 Kd2 44. b7 Kd3 45. b8=Q Ke3 46. Qb3+ Ke4 47. Qxd5+ Ke3 48. Qf3+ Kd2 49. Bf4+ Ke1 50. Rc1# 1-0

[Event "*** Titled Tuesday Blitz"]
[Site "Chess.com"]
[Date "2019.03.05"]
[Round "3"]
[White "bootstar"]
[Black "bascheyaro"]
[Result "0-1"]
[WhiteElo "2611"]
[BlackElo "2799"]
[TimeControl "180+2"]
[EndTime "13:41:48 PST"]
[Termination "bascheyaro won by checkmate"]

1. e4 e6 2. d4 d5 3. Nc3 Bb4 4. e5 Ne7 5. a3 Bxc3+ 6. bxc3 b6 7. Ne2 Ba6 8. g3 c5 9. Bg2 Nbc6 10. Be3 cxd4 11.
cxd4 Rc8 12. O-O O-O 13. Re1 Nf5 14. Nf4 Nxe3 15. fxe3 Ne7 16. a4 Ng6 17. a5 bxa5 18. Qd2 Bb5 19. Nd3 a4 20. Ra3 a6 21. Rea1 Qc7 22. R1a2 Qe7 23. h4 Rfd8 24. h5 Nf8 25. Nf4 h6 26. Kh2 Rc7 27. Nd3 Rdc8 28. Nc5 Rxc5 29. dxc5 Qxc5 30. Qd4 Nd7 31. Qxc5 Rxc5 32. e4 d4 33. Ra1 Rxc2 34. Rd1 d3 35. Kh3 Nxe5 36.
Bf1 f5 37. exf5 exf5 38. Bxd3 Bxd3 39. Raxd3 Nxd3 40. Rxd3 Rc5 41. Rd8+ Kh7 42. Rd3 Ra5 43. Ra3 g6 44. Kh4 g5+ 45. Kh3 Kg7 46. Rc3 a3 47. Rc7+ Kf8 48. Rc8+ Ke7 49. Rc1 a2 50. Ra1 Ra3 51.
Kh2 g4 52. Kg2 Kf6 53. Kf2 Kg5 54. Ke2 Rxg3 55. Kf2 Ra3 56. Kg2 f4 57. Kh2 Kh4 58. Kg2 g3 59. Kh1 f3 60. Kg1 Rb3 61. Rf1 Rb1 62. Kh1 Rxf1# 0-1

[Event "*** Titled Tuesday Blitz"]
[Site "Chess.com"]
[Date "2019.03.05"]
[Round "3"]
[White "volcanoexplorer"]
[Black "Jabberwockiez"]
[Result "1-0"]
[WhiteElo "2355"]
[BlackElo "2221"]
[TimeControl "180+2"]
[EndTime "13:41:50 PST"]
[Termination "volcanoexplorer won by checkmate"]

1. e4 e5 2. Nf3 Nc6 3. Bc4 Bc5 4. O-O Nf6 5. d3 d6 6. c3 a6 7. Bb3 Bb6 8. Re1 Ng4 9. Re2 O-O 10. h3 Nh6 11.
Bg5 Qe8 12. Qc1 Kh8 13. Bxh6 gxh6 14. Qxh6 Rg8 15. Ng5 Rg7 16. Nd2 Nd8 17. Ndf3 Ne6 18. Nxe6 Bxe6 19. Kh2 Rg6 20. Qh4 Qg8 21. g4 c5 22. Rd1 Bd8 23. Qg3 h5 24. Bxe6 fxe6 25. Nh4 Rg7 26. Ng2 hxg4 27. hxg4 Qh7+ 28. Qh3 Rxg4 29.
Qxh7+ Kxh7 30. Ne3 Rf4 31. Kg2 Bh4 32. Nf1 Raf8 33.
Ng3 Rg8 34. Rh1 Rgg4 35. Rh3 Kg6 36. Re3 Kf6 37. Re1 d5 38. Reh1 Bxg3 39. fxg3 Ke7 40.
Rh7+ Kd6 41. Kh3 Rf3 42. Kxg4 Rxd3 43. exd5 exd5 44. R1h6# 1-0

[Event "*** Titled Tuesday Blitz"]
[Site "Chess.com"]
[Date "2019.03.05"]
[Round "3"]
[White "Annawel"]
[Black "fm_magua"]
[Result "1-0"]
[WhiteElo "2902"]
[BlackElo "2474"]
[TimeControl "180+2"]
[EndTime "13:41:51 PST"]
[Termination "Annawel won by resignation"]

1. Nf3 c5 2. e4 Nc6 3. g3 g6 4.
Bg2 Bg7 5. O-O Rb8 6. d3 b5 7. a4 b4 8. c3 d6 9. d4 bxc3 10. bxc3 cxd4 11. cxd4 e6 12. Nc3 Nge7 13. Ba3 a6 14.
Rc1 O-O 15. d5 exd5 16. Nxd5 Nxd5 17. Rxc6 Nc3 18. Qxd6 Bb7 19. Rb6 Bxe4 20. Rxb8 Qxb8 21. Qxa6 Qa8 22. Qxa8 Rxa8 23. Re1 Rxa4 24. Bd6 Ra6 25. Bb4 Ra4 26. Bc5 h6 27. h4 Rc4 28. Be3 Rc8 29. Bd2 Rc4 30. Kh2 Nd5 31.
Ne5 Bxe5 32. Bxe4 Nf6 33. Bf3 Rc2 34. Re2 Bd6 35. Bxh6 Rc3 36. Kg2 Nd5 1-0

[Event "*** Titled Tuesday Blitz"]
[Site "Chess.com"]
[Date "2019.03.05"]
[Round "3"]
[White "josmito10"]
[Black "AdrianaNikolova"]
[Result "1-0"]
[WhiteElo "2783"]
[BlackElo "2451"]
[TimeControl "180+2"]
[EndTime "13:41:51 PST"]
[Termination "josmito10 won on time"]

1. b3 d5 2. Bb2 Nf6 3. Nf3 e6 4. g3 Be7 5. Bg2 O-O 6. O-O c5 7. d4 Nc6 8. c4 b6 9. dxc5 bxc5 10. cxd5 exd5 11. Nc3 Be6 12. Rc1 Rc8 13. Ng5 Qd7 14.
Nxe6 fxe6 15. Na4 Na5 16. e4 d4 17. Qd2 Qb5 18. Bh3 Rc6 19. Rfe1 Rd8 20. Bf1 c4 21. e5 Ng4 22. Qf4 h5 23. Bxd4 Rf8 24. Qe4 Ba3 25. Rc2 Bb4 26. Rec1 Qd5 27. Qxd5 exd5 28. h3 Nh6 29.
bxc4 Nf5 30. Bxa7 Nxc4 31. Bxc4 dxc4 32. Rxc4 Rxc4 33. Rxc4 Be1 34. Nb2 h4 35. g4 Ra8 36.
gxf5 Rxa7 37. Nd3 Bd2 38. a4 Bg5 39. Kg2 Kf7 40. Kf3 Ke7 41. Ke4 Ke8 42. f4 Be7 43.
Nf2 Bd8 44. Kf3 Bb6 45. Ne4 Bg1 46. Kg4 Bh2 47. Kxh4 1-0

[Event "*** Titled Tuesday Blitz"]
[Site "Chess.com"]
[Date "2019.03.05"]
[Round "3"]
[White "Genghis_K"]
[Black "Bryakin_Mikhail"]
[Result "1-0"]
[WhiteElo "2840"]
[BlackElo "2649"]
[TimeControl "180+2"]
[EndTime "13:41:55 PST"]
[Termination "Genghis_K won on time"]

1. d4 d5 2. Bf4 Nf6 3. e3 c5 4. c3 Nc6 5. Nd2 Bf5 6. Ngf3 Qb6 7. Nh4 Bd7 8. Qb3 e6 9. Nhf3 c4 10. Qc2 Nh5 11. Bg3 Nxg3 12. hxg3 h6 13. e4 Bd6 14.
Be2 Qc7 15. Nf1 dxe4 16. Qxe4 Ne7 17. Ne3 Bb5 18. a4 Ba6 19. b4 cxb3 20. Bxa6 Qxc3+ 21. Ke2 Bb4 22. Bb5+ Kf8 23. Rab1 b2 24. Qc2 a6 25.
Qxb2 Qxb2+ 26. Rxb2 Ba3 27. Rb3 axb5 28. Rxa3 bxa4 29.
Rb1 Nc6 30. Rxb7 g6 31. Rc7 Ra6 32. Nc4 Kg7 33. Nce5 Nxe5 34. Nxe5 Rf8 35. Rc4 Rd8 36.
Rcxa4 Rxa4 37. Rxa4 1-0